 Dungeon Crawl Stone Soup version 0.31.0-9-g3a7656b989 (webtiles) character file.

Game seed: 11629459231163288374

1155 qw the Skirmisher (level 8, -1/39 HPs)
             Began as a Spriggan Hunter on Feb 2, 2024.
             Was a Follower of Okawaru.
             Killed from afar by an orc wizard (6 damage)
             ... with a magic dart
             ... on level 6 of the Dungeon.
             The game lasted 00:00:18 (3953 turns).

qw the Skirmisher (Spriggan Hunter)                 Turns: 3953, Time: 00:00:19

Health: -1/39      AC:  2    Str:  7    XL:     8   Next: 16%
Magic:  9/12       EV: 28    Int: 10    God:    Okawaru [*.....]
Gold:   106        SH:  0    Dex: 21    Spells: 7/7 levels left

rFire   . . .        a - +2 shortbow (flame)
rCold   . . .        (shield currently unavailable)
rNeg    . . .        c - +0 robe
rPois   .            (helmet restricted)
rElec   .            (no cloak)
rCorr   .            (gloves unavailable)
SInv    +            (boots unavailable)
Will    +....        (no amulet)
Stlth   ++++         (no ring)
HPRegen 0.26/turn    (no ring)
MPRegen 0.13/turn

%: no passive effects
@: heroic, very quick
A: very small, no large weapons, unfitting armour, see invisible, speed 3
a: Renounce Religion, Heroism


You were on level 6 of the Dungeon.
You worshipped Okawaru.
Okawaru was aware of your devotion.
You visited 1 branch of the dungeon, and saw 6 of its levels.
You also visited: Sewer.

You collected 197 gold pieces.
You spent 91 gold pieces at shops.


Innate Abilities, Weirdness & Mutations

You are very small and have problems with some larger weapons.
You are too small for most types of armour.
You have supernaturally acute eyesight. (SInv)
You cover ground extremely quickly. (Speed+++)


   Skills:
 - Level 2.1(7.1) Fighting
 - Level 8.0(13.0) Ranged Weapons
 + Level 7.0(12.0) Dodging
 - Level 1.5(6.5) Stealth
 - Level 4.0 Invocations


You had 7 spell levels left.
You didn't know any spells.
Your spell library was empty.

Inventory:

Hand Weapons
 a - a +2 shortbow of flaming (weapon)
Armour
 c - a +0 robe (worn)
Jewellery
 i - a ring of fire
Wands
 g - a wand of mindburst (28)
 k - a wand of roots (8)
Scrolls
 b - 4 scrolls of teleportation
 j - a scroll of enchant armour
Potions
 e - a potion of enlightenment
 f - a potion of mutation

Dungeon Overview and Level Annotations

Branches:
Dungeon (6/15)              Sewer (visited)
 Temple: D:4-7

Altars:
Okawaru
Sif Muna
Vehumet
Yredelemnul

Shops:
D:3 ?*=*


Message History

The arrow burns the steam dragon.
The steam dragon is severely wounded.
The steam dragon breathes steam at you. The ball of steam misses you.
You hear a shout!
You shoot an arrow. The arrow hits the steam dragon!
The arrow burns the steam dragon.
You kill the steam dragon!
Okawaru accepts your kill.
You are engulfed in a cloud of scalding steam.
The orc wizard mumbles some strange words.
The orc wizard flickers and vanishes for a moment.
Your base Ranged Weapons skill increases to level 8!
Your Invocations skill increases to level 4!
You shoot an arrow. The arrow hits the orc wizard.
The arrow burns the orc wizard.
The orc wizard is moderately wounded.
You are engulfed in a cloud of scalding steam.
You shoot an arrow. The arrow hits the orc wizard.
The arrow burns the orc wizard.
The orc wizard is severely wounded.
You are engulfed in a cloud of scalding steam.
You shoot an arrow. The arrow barely misses the orc wizard.
You are engulfed in a cloud of scalding steam.
You shoot an arrow.
The arrow hits the orc wizard but does no damage.
The orc wizard is severely wounded.
The orc wizard gestures at you while chanting.
The magic dart hits you.
You shoot an arrow. The arrow barely misses the orc wizard.
The orc wizard completely misses you.
You shoot an arrow. The arrow barely misses the orc wizard.
You shoot an arrow. The arrow hits the orc wizard.
The arrow burns the orc wizard.
The orc wizard is almost dead.
The orc priest mumbles some strange prayers to Beogh against you.
Beogh smites you!
The orc wizard gestures at you while chanting.
The magic dart hits you.
You die...

.#. ##.....# #.#
#......#
##.#####......#
#.....##......#
.........##.#.#
<##......##.#.####
###......##.#....#
##......#.####.#
###.##...# #@# #.#
..## #ooo...# #.#
#... ...#....) #.#
#### ###.[ ...#
... ... .... #.
..... #....#


You could see an orc priest and 2 orc wizards.

Vanquished Creatures
  A shadow (D:6)
  A steam dragon (D:6)
  A water moccasin (D:5)
  A phantom (D:3)
  A scorpion (D:5)
  Blork the orc (D:4)
  2 bombardier beetles
  3 hounds (D:5)
  Jessica (D:3)
  An iguana (D:5)
  Terence (D:3)
  2 orc wizards
  A sleepcap (D:4)
  7 gnolls
  7 adders
  A white imp (D:5)
  2 dart slugs
  A ribbon worm (D:2)
  10 orcs
  5 endoplasms
  2 giant cockroaches
  9 goblins
  7 hobgoblins
  6 jackals
  12 kobolds
  6 quokkas
  8 ball pythons
  A bat (D:1)
  4 frilled lizards (D:1)
  6 rats
111 creatures vanquished.

Notes
Turn   | Place    | Note
-------+----------+-------------------------------------------
     0 | D:1      | qw the Spriggan Hunter began the quest for the Orb.
     0 | D:1      | Reached XP level 1. HP: 10/10 MP: 2/2
     0 | D:1      | 0 ||| qw: Version: 0.3-a-155-g5e7d8dd
     0 | D:1      | 0 ||| qw: Game counter: 2300
     0 | D:1      | 0 ||| qw: Melee chars always use a shield: true
     0 | D:1      | 0 ||| qw: God list: Okawaru
     0 | D:1      | 0 ||| qw: Allow faded altars: false
     0 | D:1      | 0 ||| qw: Do Orc after clearing Dungeon:15 true
     0 | D:1      | 0 ||| qw: Do second Lair branch before Depths: true
     0 | D:1      | 0 ||| qw: Lair rune preference: random
     0 | D:1      | 0 ||| qw: Goals: Normal
     0 | D:1      | 0 ||| PLANNING D:1-11
    27 | D:1      | Reached skill level 3 in Dodging
    69 | D:1      | Reached XP level 2. HP: 14/14 MP: 3/3
   108 | D:1      | Found a faded altar of an unknown god.
   320 | D:1      | Reached XP level 3. HP: 18/18 MP: 4/4
   463 | D:1      | 463 ||| READING scroll labelled LEUSKEPNOV.
   463 | D:1      | 463 ||| ENCHANTING +0 shortbow.
   464 | D:1      | 464 ||| DRINKING 2 smoky blue potions.
   465 | D:1      | 465 ||| DROPPING scroll of butterflies.
   466 | D:1      | 466 ||| DROPPING potion of invisibility.
   736 | D:2      | 736 ||| RETREEEEATING.
   738 | D:2      | 738 ||| RETREEEEATING.
   739 | D:2      | 739 ||| RETREEEEATING.
   742 | D:2      | Reached skill level 5 in Ranged Weapons
   745 | D:2      | Reached XP level 4. HP: 17/22 MP: 5/5
   996 | D:2      | HP: 5/22 [poisoned by an adder]
  1165 | D:2      | 1165 ||| READING scroll labelled ATTUTA RUEFA.
  1165 | D:2      | 1165 ||| ENCHANTING +1 shortbow.
  1166 | D:2      | 1166 ||| READING scroll labelled TOKITHRU VINODD.
  1167 | D:2      | 1167 ||| READING scroll labelled IRAFUD COYRR.
  1167 | D:2      | 1167 ||| IDENTIFYING fuming golden potion
  1168 | D:2      | 1168 ||| READING 2 scrolls labelled XEPEBERIRYO.
  1169 | D:2      | 1169 ||| READING scroll labelled WOSACWASEZ.
  1270 | D:2      | 1270 ||| DROPPING potion of degeneration.
  1271 | D:2      | 1271 ||| DROPPING scroll of fear.
  1291 | D:3      | Found Diacwuipt's General Store.
  1295 | D:3      | 1295 ||| SHOPLISTING potion of cancellation (104 gold, have
                  | 54).
  1295 | D:3      | 1295 ||| BUYING scroll of teleportation (39 gold).
  1295 | D:3      | Bought a scroll of teleportation for 39 gold pieces
  1302 | D:3      | Noticed Jessica
  1303 | D:3      | Killed Jessica
  1316 | D:3      | Noticed Terence
  1327 | D:3      | Killed Terence
  1328 | D:3      | Reached XP level 5. HP: 22/26 MP: 6/6
  1361 | D:3      | Found Zawereip's Jewellery Emporium.
  1383 | D:3      | 1383 ||| SHOPLISTING +4 ring of protection (432 gold, have
                  | 16).
  1383 | D:3      | 1383 ||| SHOPLISTING amulet of faith (480 gold, have 16).
  1383 | D:3      | 1383 ||| SHOPLISTING amulet of reflection (360 gold, have
                  | 16).
  1383 | D:3      | 1383 ||| SHOPLISTING ring of fire (300 gold, have 16).
  1383 | D:3      | 1383 ||| SHOPLISTING ring of protection from fire (300
                  | gold, have 16).
  1410 | D:3      | Found Cyguqeuw's General Store.
  1419 | D:3      | 1419 ||| SHOPLISTING +2 robe of positive energy (176 gold,
                  | have 19).
  1419 | D:3      | 1419 ||| SHOPLISTING potion of heal wounds (60 gold, have
                  | 19).
  1528 | D:3      | Found an iron altar of Okawaru.
  1529 | D:3      | 1529 ||| PLANNING OKAWARU WORSHIP
  1529 | D:3      | 1529 ||| READING scroll of identify.
  1529 | D:3      | 1529 ||| IDENTIFYING cyan potion
  1530 | D:3      | 1530 ||| READING scroll labelled HOINOYP SUOSAE.
  1530 | D:3      | 1530 ||| BRANDING +1 shortbow.
  1531 | D:3      | 1531 ||| READING scroll labelled PUCHAOQITZ.
  1532 | D:3      | 1532 ||| READING scroll labelled VOHYOC BIOBI.
  1540 | D:3      | Became a worshipper of Warmaster Okawaru
  1541 | D:3      | 1541 ||| PLANNING D:1-11
  1595 | D:3      | Noticed a phantom
  1605 | D:3      | Killed a phantom
  1606 | D:3      | Reached skill level 6 in Ranged Weapons
  1606 | D:3      | Reached XP level 6. HP: 20/30 MP: 7/7
  1657 | D:3      | Found Taokk's Magic Scroll Shoppe.
  1660 | D:3      | 1660 ||| SHOPLISTING scroll of enchant armour (97 gold,
                  | have 60).
  1660 | D:3      | 1660 ||| BUYING scroll of identify (26 gold).
  1660 | D:3      | Bought a scroll of identify for 26 gold pieces
  1660 | D:3      | 1660 ||| BUYING scroll of identify (26 gold).
  1660 | D:3      | Bought a scroll of identify for 26 gold pieces
  1660 | D:3      | 1660 ||| SHOPLISTING scroll of identify (26 gold, have 8).
  1660 | D:3      | 1660 ||| SHOPLISTING scroll of teleportation (39 gold, have
                  | 8).
  1768 | D:3      | Found a shimmering blue altar of Sif Muna.
  1772 | D:3      | 1772 ||| READING 3 scrolls of identify.
  1772 | D:3      | 1772 ||| IDENTIFYING amethyst potion
  1773 | D:3      | 1773 ||| READING 2 scrolls of identify.
  1773 | D:3      | 1773 ||| IDENTIFYING glowing blue potion
  1774 | D:3      | 1774 ||| DROPPING potion of lignification.
  1814 | D:4      | Found a radiant altar of Vehumet.
  1874 | D:4      | 1874 ||| FLEEEEING.
  1875 | D:4      | 1875 ||| FLEEEEING.
  1890 | D:4      | Noticed Blork the orc
  1894 | D:4      | Killed Blork the orc
  1895 | D:4      | Reached skill level 6 in Dodging
  2064 | D:4      | Found a basalt altar of Yredelemnul.
  2350 | D:4      | 2350 ||| READING scroll of enchant weapon.
  2350 | D:4      | 2350 ||| ENCHANTING +1 shortbow of flaming.
  2721 | D:4      | 2721 ||| READING scroll of identify.
  2721 | D:4      | 2721 ||| IDENTIFYING scroll labelled OTIZOM VITIMEG
  2722 | D:4      | 2722 ||| READING scroll labelled JUTHRUA PYEDGHI.
  2723 | D:4      | 2723 ||| DROPPING scroll of amnesia.
  2789 | D:5      | Entered Level 5 of the Dungeon
  2790 | D:5      | 2790 ||| PLANNING SEWER
  2794 | D:5      | 2794 ||| STAIRDANCE
  2830 | D:5      | Reached skill level 7 in Ranged Weapons
  2830 | D:5      | Reached XP level 7. HP: 28/35 MP: 8/8
  2831 | D:5      | 2831 ||| RETREEEEATING.
  2835 | D:5      | 2835 ||| RETREEEEATING.
  2838 | D:5      | Reached * piety under Okawaru
  2848 | D:5      | Reached skill level 1 in Invocations
  2857 | D:5      | HP: 8/35 [poisoned by an adder]
  2858 | D:5      | 2858 ||| READING 2 scrolls of teleportation.
  2862 | D:5      | HP: 4/35 [poisoned by an adder]
  3405 | D:5      | Found a glowing drain.
  3406 | D:5      | 3406 ||| READING scroll of identify.
  3406 | D:5      | 3406 ||| IDENTIFYING inky potion
  3407 | D:5      | 3407 ||| DROPPING potion of brilliance.
  3411 | Sewer    | Entered a sewer
  3468 | D:5      | 3468 ||| PLANNING D:1-11
  3648 | D:5      | HP: 8/35 [poisoned by a water moccasin]
  3649 | D:5      | 3649 ||| READING 5 scrolls of teleportation.
  3864 | D:5      | 3864 ||| READING scroll of identify.
  3864 | D:5      | 3864 ||| IDENTIFYING bubbling sapphire potion
  3865 | D:5      | 3865 ||| DROPPING potion of berserk rage.
  3893 | D:6      | Noticed a shadow
  3894 | D:6      | 3894 ||| INVOKING Heroism.
  3908 | D:6      | Killed a shadow
  3909 | D:6      | Reached skill level 3 in Invocations
  3934 | D:6      | Noticed a steam dragon
  3935 | D:6      | 3935 ||| INVOKING Heroism.
  3939 | D:6      | Reached XP level 8. HP: 38/39 MP: 8/11
  3947 | D:6      | Reached skill level 8 in Ranged Weapons
  3953 | D:6      | HP: 5/39 [orc priest/divine providence (11)]
  3953 | D:6      | Killed from afar by an orc wizard

Levels and vault maps discovered:
D:1:      lemuel_arrival_room, layout_rooms,
          hellmonk_ecumenical_altar_leap_of_faith,
          minmay_misc_feat_four_crosses, minmay_misc_feat_five
D:2:      layout_loops_ring
D:3:      layout_rooms, mainiacjoe_overflow_alcove_4,
          mainiacjoe_overflow_chevrons, serial_shops,
          nicolae_shop_window_shopping, shop, shop, shop, uniq_terence,
          uniq_jessica
D:4:      layout_loops_corners, mainiacjoe_overflow_concentric_impassable,
          nicolae_vehumet_radiance, serial_rivers,
          chequers_serial_rivers_micro_e, chequers_serial_rivers_room_b,
          chequers_serial_rivers_small_a, chequers_serial_rivers_micro_a,
          uniq_blork_the_orc
D:5:      layout_loops_ring, gup_sewer_entry_bowl
D:6:      minmay_cornered_nines, layout_rooms, makhleb_heckhound_becter,
          zin_statuary, mainiacjoe_overflow_cross_hatched,
          nemelex_diamond_rough_becter, minmay_temple_entry_from_below_b

Skill      XL: |  1  2  3  4  5  6  7  8 |
---------------+-------------------------+-----
Dodging        | 3 4 5 6 7 |  7.0
Ranged Weapons | 5 6 7 8 |  8.0
Fighting       | 2 |  2.1
Invocations    | 3 4 |  4.0
Stealth        | |  1.5

Action                     |  1- 3 |  4- 6 |  7- 9 || total
---------------------------+-------+-------+-------++-------
   Fire: Shortbow          |   100 |   159 |   109 ||   368
 Invoke: Heroism           |       |       |     2 ||     2
    Use: Scroll            |     1 |    14 |     4 ||    19
         Potion            |     1 |       |       ||     1
 Armour: Robe              |     4 |    18 |    22 ||    44
  Dodge: Dodged            |    14 |    42 |    54 ||   110

Table legend:
 A = Non-vault XP
 B = Vault XP
 C = Vault XP percentage of total XP
 D = Non-vault monster count
 E = Vault monster count
 F = Vault count percentage of total count
                 A         B        C        D         E       F
            +---------+---------+-------+---------+---------+-------
      Total |    1257 |     393 |  23.8 |     103 |       8 |   7.2
            +---------+---------+-------+---------+---------+-------
        D:1 |      41 |       0 |   0.0 |      26 |       0 |   0.0
        D:2 |     111 |       0 |   0.0 |      21 |       0 |   0.0
        D:3 |     198 |      73 |  26.9 |      18 |       2 |  10.0
        D:4 |     171 |      85 |  33.2 |      19 |       1 |   5.0
        D:5 |     506 |       5 |   1.0 |      17 |       3 |  15.0
        D:6 |     230 |     228 |  49.8 |       2 |       1 |  33.3
      Sewer |       0 |       2 | 100.0 |       0 |       1 | 100.0
            +---------+---------+-------+---------+---------+-------
